AoeStats
← 玩印度的哥们硬不起来

Lombardia

509313711Analyzed
3v3 RM · 6d ago on Sep 26, 2026· 36m 50s· 6 players
Game mode
Random Map
Map size
Normal (6 player)
Population
200
Speed
Normal
Resources
Standard
Victory
Conquest
Starting age
Dark Age
Ending age
Imperial Age
RankedLock teamsTeams togetherTeam positionsShared explorationLock speedFull tech treeHidden civsTurbo modeCheats
Victory
Defeat
🇩🇪 Inca · Germany
1513
+17
🇩🇪 Tatars · Germany
1505
+17
🇨🇱 Japanese · Chile
1378
+21
🇦🇷 Jurchens · Argentina
1595
-21
🇲🇴 Georgians · Macao SAR China
1508
-18
1464
-16
屁屁人
5:38 Loom
10:21 Feudal Age
11:11 Double-Bit Axe
13:10 Horse Collar
14:56 Bloodlines
21:32 Wheelbarrow
24:12 Castle Age
22:24 Gold Mining
25:22 Bow Saw
25:14 Heavy Plow
33:29 Imperial Age
32:02 Scale Barding Armor
32:08 Forging
32:00 Husbandry
33:26 Hand Cart
33:59 Chain Barding Armor
34:59 Iron Casting
34:45 Conscription
34:08 Light Cavalry
35:51 Elite Monaspa
玩印度的哥们硬不起来
6:53 Loom
9:25 Feudal Age
10:18 Double-Bit Axe
10:15 Horse Collar
14:02 Stone Mining
18:39 Castle Age
17:53 Wheelbarrow
19:49 Bow Saw
19:41 Heavy Plow
25:00 Hand Cart
28:05 Town Watch
29:06 Gold Mining
33:23 Imperial Age
31:39 Fortified Wall
31:36 Fletching
31:48 Padded Archer Armor
32:11 Ballistics
32:28 Silk Road
33:04 Bodkin Arrow
33:14 Caravan
35:21 Chemistry
36:15 Two-Man Saw
35:48 Crop Rotation
35:38 Bracer
36:59 Leather Archer Armor
[QHB]Hammer warriors
6:17 Loom
9:31 Feudal Age
10:14 Double-Bit Axe
11:46 Horse Collar
18:50 Castle Age
19:47 Bow Saw
19:39 Heavy Plow
24:02 Wheelbarrow
26:19 Hand Cart
27:53 Stone Mining
27:53 Gold Mining
30:14 Scale Barding Armor
30:19 Forging
30:36 Bloodlines
30:26 Husbandry
31:51 Gold Shaft Mining
31:10 Light Cavalry
34:57 Imperial Age
33:11 Chain Barding Armor
32:52 Padded Archer Armor
32:53 Scale Mail Armor
33:28 Iron Casting
b4ron1
7:22 Loom
9:32 Feudal Age
10:02 Double-Bit Axe
9:58 Horse Collar
19:17 Castle Age
20:22 Bow Saw
22:11 Heavy Plow
24:09 Wheelbarrow
26:26 Hand Cart
26:58 Fervor
27:18 Stone Mining
27:24 Gold Mining
32:39 Imperial Age
32:44 Imperial Age
30:01 Town Watch
31:41 Gold Shaft Mining
31:16 Scale Barding Armor
31:21 Forging
31:25 Bloodlines
31:16 Husbandry
33:36 Chain Barding Armor
33:51 Iron Casting
33:56 Crop Rotation
33:17 Treadmill Crane
33:47 Masonry
34:38 Chemistry
33:59 Ballistics
34:00 Elite Keshik
35:00 Conscription
36:20 Timurid Siegecraft
36:36 Timurid Siegecraft
37:13 Plate Barding Armor
37:38 Blast Furnace
FunKinGGusTI
11:27 Feudal Age
9:58 Loom
12:20 Double-Bit Axe
15:05 Castle Age
13:58 Horse Collar
20:25 Bow Saw
23:09 Wheelbarrow
24:03 Gold Mining
24:14 Heavy Plow
28:55 Imperial Age
26:26 Scale Mail Armor
27:28 Andean Sling
27:48 Chain Mail Armor
27:44 Forging
27:42 Stone Mining
28:37 Squires
28:23 Arson
29:21 Capped Ram
30:04 Fabric Shields
30:15 Elite Kamayuk
31:47 Plate Mail Armor
31:41 Siege Ram
32:49 Hand Cart
34:48 Iron Casting
34:37 Conscription
Hennessy
4:13 Loom
5:26 Loom
10:01 Feudal Age
10:31 Double-Bit Axe
12:05 Horse Collar
12:42 Scale Barding Armor
18:08 Wheelbarrow
22:58 Castle Age
24:17 Hand Cart
24:46 Town Watch
25:46 Thumb Ring
25:32 Fletching
25:43 Padded Archer Armor
25:55 Bloodlines
25:50 Husbandry
27:33 Bow Saw
27:23 Heavy Plow
28:49 Bodkin Arrow
31:00 Town Patrol
31:56 Heavy Plow
37:25 Imperial Age
35:31 Leather Archer Armor
35:39 Ballistics
35:45 Treadmill Crane
36:16 Masonry
37:29 Chain Barding Armor
Connection lost

Rejoining the realm…

Still unreachable

The connection could not be restored.

Session expired

The server has moved on; the page needs a fresh start.